 Dungeon Crawl Stone Soup version 0.20.1-1-g8b1a95d (webtiles) character file.

12630 Gargoyl the Protected (level 11, 0/94 HPs)
             Began as a Minotaur Abyssal Knight on Sept 7, 2017.
             Was an Elder of Lugonu.
             Succumbed to poison (poison gas)
             ... on level 1 of the Lair of Beasts.
             The game lasted 00:20:57 (9860 turns).

Gargoyl the Protected (Minotaur Abyssal Knight)     Turns: 9860, Time: 00:20:57

Health: 0/94       AC: 26    Str: 19    XL:     11   Next: 65%
Magic:  16/16      EV:  6    Int: 12    God:    Lugonu [****..]
Gold:   608        SH: 11    Dex: 13    Spells: 10/10 levels left

rFire    . . .     SeeInvis .   m - +3 hand axe
rCold    . . .     Gourm    .   D - +0 shield
rNeg     . . .     Faith    .   v - +0 plate armour
rPois    .         Spirit   .   y - +2 hat {Int+3}
rElec    .         Reflect  .   t - +0 cloak
rCorr    .         Harm     .   i - +0 pair of gloves
MR       +....     Clarity  +   G - +2 pair of boots
Stlth    ..........             d - amulet of regeneration
Regen    0.7/turn               o - +2 ring of protection
MPRegen  0.2/turn               B - ring of protection from magic

@: lethally poisoned (0 -> -70), berserk cooldown, slowed, very slow
A: retaliatory headbutt, horns 2, agile 1, clarity
a: Depart the Abyss, Bend Space, Banish, Corrupt, Renounce Religion


You were on level 1 of the Lair of Beasts.
You worshipped Lugonu.
Lugonu was greatly pleased with you.
You were not hungry.

You visited 2 branches of the dungeon, and saw 10 of its levels.
You visited the Abyss 2 times.
You also visited: Labyrinth and Ossuary.

You collected 608 gold pieces.

Inventory:

Hand Weapons
 a - a +2 hand axe
 m - a +3 hand axe (weapon)
Missiles
 F - 7 javelins (quivered)
Armour
 i - a +0 pair of gloves (worn)
 t - a +0 cloak (worn)
 v - a +0 plate armour (worn)
 y - a +2 hat of intelligence (worn)
 D - a +0 shield (worn)
 G - a +2 pair of boots (worn)
Jewellery
 d - an amulet of regeneration (around neck)
 o - a +2 ring of protection (left hand)
 B - a ring of protection from magic (right hand)
 P - an uncursed ring of flight
Wands
 j - a wand of random effects (23/48)
 p - a wand of flame (48/48)
 z - a wand of random effects (40/48)
 A - a wand of scattershot (0/9)
 H - a wand of iceblast (5/15)
 K - a wand of clouds (2/9)
 L - a wand of acid (5/15)
 M - a wand of polymorph (18/24)
 S - a wand of confusion (8/48)
Scrolls
 e - 2 scrolls of identify
 f - 5 scrolls of remove curse
 l - 7 scrolls of teleportation
 r - 2 scrolls of enchant weapon
 J - a scroll of fog
 N - a scroll of amnesia
 O - a scroll of holy word
 Q - a scroll of magic mapping
Potions
 b - 6 potions of lignification
 g - a potion of resistance {unknown}
 k - 4 potions of curing
 n - 4 potions of haste
 s - 4 potions of flight
 u - 4 potions of brilliance
 w - a potion of heal wounds
 E - 2 potions of magic
 I - a potion of mutation
Comestibles
 c - 7 bread rations
 h - 8 meat rations
 q - 3 royal jellies
 x - a fruit


   Skills:
 + Level 8.1 Fighting
 + Level 11.6 Axes
 + Level 1.1 Throwing
 * Level 12.5 Armour
 + Level 2.7 Dodging
 + Level 7.5 Shields
 * Level 8.2 Invocations
 + Level 0.8 Evocations


You had 10 spell levels left.
You didn't know any spells.

Dungeon Overview and Level Annotations

Branches:
Dungeon (9/15)             Temple (0/1) D:7            Lair (1/6) D:8
    Orc: D:9-12

Altars:
Dithmenos
Elyvilon
Gozag
Nemelex Xobeh
Qazlal
Ru
Sif Muna
The Shining One

Shops:
D:5 [   D:8 %


Innate Abilities, Weirdness & Mutations

You reflexively headbutt those who attack you in melee.
You have a pair of horns on your head.
You are agile. (Dex +2)
You possess an exceptional clarity of mind.


Message History

You are more poisoned.
* * * LOW HITPOINT WARNING * * *
x2 You feel very sick.
Things that are here:
+0 swamp dragon scales; a swamp dragon corpse Unknown command.
You feel a strong urge to attack something.
* * * LOW HITPOINT WARNING * * *
You feel very sick.
You are too berserk!
You are too berserk!
* * * LOW HITPOINT WARNING * * *
You feel very sick.
You feel your anger subside.
You are no longer berserk.
You are exhausted.
You feel yourself slow down.
* * * LOW HITPOINT WARNING * * *
You feel very sick.
You see here 9 gold pieces.
You die...

####.......#..#....#.......#.#...
...........#..#............###...
...........# #######......####...
.#+##.##...# #####...###.#.####
#......#...## ##.§##....##..#.# #
.......#....###§P..#...###...## #
.......#....§§§§#[.#...###....###
#......#....§§###.§#......####...
#...........####@..#......###....
#..........## #.[##......#.##...
#..........# #####.............
#......<...#########.............
..........)......................
###...#..........................
.................................
.................................
.........................[.......


There were no monsters in sight!

Vanquished Creatures
  Gastronok (D:9)
  A two-headed ogre (D:9)
  A swamp dragon (Lair:1)
  An elephant (D:8)
  Joseph (D:9)
  2 spiny frogs (Lair:1)
  2 komodo dragons (Lair:1)
  Prince Ribbit (D:9)
  2 hippogriffs (Lair:1)
  2 redbacks (Lab)
  A shadow (D:8)
  2 yaks
  Sigmund (D:6)
  2 hungry ghosts (D:8)
  2 basilisks
  A steam dragon (D:9)
  Edmund (D:5)
  2 water moccasins
  2 porcupines (Lair:1)
  3 sky beasts
  A phantom (D:7)
  4 ice beasts
  An orc warrior (D:9)
  6 ogres
  A necrophage (D:7)
  4 centaurs
  4 crocodiles
  A gnoll sergeant (D:6)
  5 bullfrogs
  5 killer bees (D:8)
  7 wights
  3 crimson imps
  2 bullfrog zombies
  2 centaur zombies (Ossuary)
  A centaur skeleton (D:5)
  4 hounds
  4 orc priests
  Crazy Yiuf (D:2)
  2 jellies
  11 orc wizards
  Jessica (D:3)
  2 iguanas
  3 worker ants
  Natasha (thrice) (D:2)
  2 big kobold zombies (Ossuary)
  A hound zombie (D:5)
  The ghost of letownia the Insei, a weakling OpTm (D:4)
  2 hound skeletons
  6 mummies (Ossuary)
  Robin (D:3)
  16 gnolls
  9 adders
  2 shadow imps
  An adder skeleton (D:5)
  6 leopard geckos
  20 orcs
  3 bats
  9 giant cockroaches
  23 goblins
  13 hobgoblins
  6 jackals
  2 quokkas
  2 ball pythons
  5 frilled lizards
  A giant cockroach zombie (D:6)
  A hobgoblin zombie (Ossuary)
  A jackal skeleton (D:7)
  8 kobolds
  A leopard gecko skeleton (D:8)
  A quokka skeleton (D:7)
  10 rats
262 creatures vanquished.

Vanquished Creatures (others)
  2 hydras (Lair:1)
  An ogre (D:6)
  A quokka (D:2)
  A plant (Lair:1)
5 creatures vanquished.

Grand Total: 267 creatures vanquished

Notes
Turn   | Place    | Note
-------+----------+-------------------------------------------
     0 | Abyss:1  | Gargoyl the Minotaur Abyssal Knight began the quest for the Orb.
     0 | Abyss:1  | Reached XP level 1. HP: 19/19 MP: 1/1
     6 | Abyss:1  | Found a corrupted altar of Lugonu.
    84 | Abyss:1  | Noticed a large abomination
   121 | Abyss:1  | Noticed a cacodemon
   123 | D:1      | Escaped the Abyss
   278 | D:1      | Reached XP level 2. HP: 27/27 MP: 2/2
   733 | D:1      | Reached * piety under Lugonu
   812 | D:1      | Reached XP level 3. HP: 34/34 MP: 3/3
  1265 | D:2      | Reached skill level 3 in Armour
  1424 | D:2      | Found a glowing golden altar of the Shining One.
  1438 | D:2      | Reached XP level 4. HP: 41/41 MP: 4/4
  1675 | D:2      | Found a white marble altar of Elyvilon.
  1755 | D:2      | Noticed Natasha
  1765 | D:2      | Reached ** piety under Lugonu
  1770 | D:2      | Killed Natasha
  1770 | D:2      | Reached skill level 4 in Armour
  1863 | D:2      | Found a runed door.
  1984 | D:2      | Noticed Natasha
  1996 | D:2      | Killed Natasha
  1996 | D:2      | Reached XP level 5. HP: 39/47 MP: 5/5
  2165 | D:2      | Noticed Crazy Yiuf
  2173 | D:2      | Killed Crazy Yiuf
  2249 | D:2      | Noticed Natasha
  2256 | D:2      | Killed Natasha
  2436 | D:3      | Noticed Robin
  2458 | D:3      | Killed Robin
  2458 | D:3      | Reached skill level 5 in Armour
  2568 | D:3      | Noticed Jessica
  2572 | D:3      | Killed Jessica
  2572 | D:3      | Reached XP level 6. HP: 42/55 MP: 7/7
  2957 | D:4      | Noticed letownia's ghost (weakling OpTm)
  2963 | D:4      | Killed letownia's ghost
  3408 | D:4      | Reached *** piety under Lugonu
  3437 | D:5      | Entered Level 5 of the Dungeon
  3458 | D:5      | Reached skill level 5 in Fighting
  3458 | D:5      | Reached skill level 5 in Axes
  3673 | D:5      | Reached XP level 7. HP: 61/61 MP: 8/8
  3716 | D:5      | Reached skill level 6 in Armour
  3803 | D:5      | Reached skill level 1 in Shields
  3918 | D:5      | Noticed Edmund
  3934 | D:5      | Killed Edmund
  4141 | D:5      | Reached XP level 8. HP: 69/69 MP: 9/9
  4267 | D:5      | Reached skill level 7 in Armour
  4286 | D:5      | Found Ipsuammi's Antique Armour Boutique.
  4848 | D:6      | Noticed Sigmund
  4861 | D:6      | Killed Sigmund
  4885 | D:6      | Reached **** piety under Lugonu
  4935 | D:6      | Gained mutation: You possess an exceptional clarity of mind. [mutagenic meat]
  4936 | D:6      | Gained mutation: You are agile. (Dex +2) [mutagenic meat]
  4950 | D:6      | Found a sand-covered staircase.
  4958 | Ossuary  | Entered an ossuary
  5403 | D:6      | Found a sparkling altar of Nemelex Xobeh.
  5596 | D:6      | Reached skill level 8 in Armour
  5596 | D:6      | Reached XP level 9. HP: 78/78 MP: 11/11
  5646 | D:6      | Reached skill level 5 in Invocations
  5948 | D:7      | Found a shadowy altar of Dithmenos.
  6199 | D:7      | Found a staircase to the Ecumenical Temple.
  6666 | D:8      | Reached skill level 9 in Armour
  6813 | D:8      | Found a staircase to the Lair.
  6813 | D:8      | Noticed an elephant
  6844 | D:8      | Killed an elephant
  6978 | D:8      | Reached XP level 10. HP: 61/85 MP: 13/13
  7270 | D:8      | Found Sodoxeg's Food Boutique.
  7394 | D:8      | Reached skill level 10 in Armour
  7394 | D:8      | Reached skill level 5 in Shields
  7496 | D:8      | Found a stormy altar of Qazlal.
  7530 | D:9      | Noticed Gastronok
  7559 | D:8      | Reached ***** piety under Lugonu
  7634 | D:9      | Killed Gastronok
  7634 | D:9      | Reached skill level 10 in Axes
  7779 | D:9      | Noticed Joseph
  7779 | D:9      | Reached skill level 11 in Armour
  7804 | D:9      | Killed Joseph
  7933 | D:9      | Found an opulent altar of Gozag.
  7936 | D:9      | Found a sacrificial altar of Ru.
  7936 | D:9      | Found a sparkling altar of Nemelex Xobeh.
  7939 | D:9      | Found a deep blue altar of Sif Muna.
  7980 | D:9      | Noticed Prince Ribbit
  7998 | D:9      | Killed Prince Ribbit
  8125 | D:9      | Noticed a two-headed ogre
  8137 | D:9      | Killed a two-headed ogre
  8137 | D:9      | Reached skill level 1 in Throwing
  8137 | D:9      | Reached XP level 11. HP: 68/94 MP: 6/15
  8242 | D:9      | Found a shadowy altar of Dithmenos.
  8603 | Lair:1   | Entered Level 1 of the Lair of Beasts
  8707 | Lair:1   | Noticed a four-headed hydra
  8713 | Lair:1   | Banished a four-headed hydra
  8745 | Lair:1   | Found a labyrinth entrance.
  8760 | Lab      | Entered a labyrinth
  8813 | Lab      | Found an exit through the horrors of the Abyss.
  9002 | Lab      | Took an exit into the Abyss.
  9002 | Abyss:1  | Escaped into the Abyss
  9051 | Abyss:1  | Found a corrupted altar of Lugonu.
  9059 | Lair:1   | Escaped the Abyss
  9120 | Lair:1   | Reached skill level 12 in Armour
  9175 | Lair:1   | Noticed a six-headed hydra
  9182 | Lair:1   | Banished a six-headed hydra
  9841 | Lair:1   | Noticed a swamp dragon
  9855 | Lair:1   | Killed a swamp dragon
  9860 | Lair:1   | Succumbed to poison (poison gas)

Skill      XL: |  1  2  3  4  5  6  7  8  9 10 11 |
---------------+----------------------------------+-----
Fighting       | 4 5 6 7 8 |  8.1
Invocations    | 2 3 4 6 7 8 |  8.2
Armour         | 3 4 5 6 8 9 11 12 | 12.5
Axes           | 3 4 5 6 8 9 11 | 11.6
Shields        | 1 2 4 6 7 |  7.5
Dodging        | 2 |  2.7
Throwing       | 1 |  1.1
Evocations     | |  0.8

Action                   |  1- 3 |  4- 6 |  7- 9 | 10-12 || total
-------------------------+-------+-------+-------+-------++-------
Melee: Hand axe          |   107 |   148 |   441 |   413 ||  1109
       Headbutt          |    12 |    19 |    93 |   101 ||   225
Throw: Tomahawk          |       |     2 |     3 |       ||     5
       Javelin           |       |       |       |     2 ||     2
Invok: Depart the Abyss  |     1 |       |       |     1 ||     2
       Banish            |       |       |     1 |     2 ||     3
 Abil: Evoke Flight      |       |       |       |     1 ||     1
Evoke: Wand              |       |       |       |     3 ||     3
  Use: Scroll            |     5 |    10 |     9 |     8 ||    32
       Potion            |       |     2 |       |     5 ||     7
 Stab: Invisible         |       |     2 |       |       ||     2
  Eat: Chunk             |     2 |     7 |    13 |    10 ||    32
       Bread ration      |       |       |       |     1 ||     1
Armor: Leather armour    |     3 |       |       |       ||     3
       Ring mail         |    18 |       |       |       ||    18
       Chain mail        |    49 |    46 |       |       ||    95
       Plate armour      |       |    67 |   307 |   204 ||   578
       Skin              |       |     6 |       |       ||     6
Dodge: Dodged            |    59 |    52 |    68 |    62 ||   241
Block: Shield            |       |     1 |   187 |   173 ||   361
